TOP OF THE 1ST |
South Florida Bulls batting - Pitching for Arizona Wildcats : RHP Joel Murphy
|
Pitching: RHP Joel Murphy
|
|
Batting: RHB Ronnie Rogers
|
0-0: Fly out, F6 (Line Drive, 6MD)
|
Batting: RHB John Russell
|
0-0: Ball 1-0: Called Strike 1-1: Ball 2-1: Ball 3-1: Base on Balls
|
Batting: LHB Bill McHone
|
0-0: Foul Ball, location: 2F 0-1: Ball 1-1: Grounds into double play, 6-4-3 (Groundball, 6)
|
Top of the 1st over - 0 run(s), 0 hit(s), 0 error(s), 0 left on base; South Florida 0 - Arizona 0 |
BOTTOM OF THE 1ST |
Arizona Wildcats batting - Pitching for South Florida Bulls : RHP Thomas Hoffman
|
Pitching: RHP Thomas Hoffman
|
|
Batting: RHB Dean Oglethorpe
|
0-0: Ball 1-0: Bunted foul 1-1: Ball 2-1: Ball 3-1: Called Strike 3-2: Ground out 5-3 (Groundball, 5)
|
Batting: RHB Donald Fenner
|
0-0: Called Strike 0-1: Ball 1-1: SINGLE (Groundball, 56S) (infield hit)
|
Batting: RHB Edison Jones
|
0-0: Swinging Strike 0-1: Swinging Strike 0-2: Ball 1-2: Strikes out swinging
|
Batting: RHB Jon Hartley
|
0-0: Called Strike 0-1: Ball 1-1: Foul Ball, location: 2F 1-2: Ball 2-2: Foul Ball, location: 2F 2-2: Foul Ball, location: 2F 2-2: Strikes out swinging
|
Bottom of the 1st over - 0 run(s), 1 hit(s), 0 error(s), 1 left on base; South Florida 0 - Arizona 0 |
TOP OF THE 2ND |
South Florida Bulls batting - Pitching for Arizona Wildcats : RHP Joel Murphy
|
Batting: RHB Víctor Pérez
|
0-0: Foul Ball, location: 2F 0-1: Swinging Strike 0-2: Strikes out swinging
|
Batting: LHB Don Glassman
|
0-0: Called Strike 0-1: Swinging Strike 0-2: Ball 1-2: Foul Ball, location: 2F 1-2: Strikes out swinging
|
Batting: RHB Mike Smith
|
0-0: Called Strike 0-1: Ball 1-1: Fly out, F8 (Flyball, 8LD)
|
Top of the 2nd over - 0 run(s), 0 hit(s), 0 error(s), 0 left on base; South Florida 0 - Arizona 0 |
BOTTOM OF THE 2ND |
Arizona Wildcats batting - Pitching for South Florida Bulls : RHP Thomas Hoffman
|
Batting: RHB Sergio Genera
|
0-0: Called Strike 0-1: Swinging Strike 0-2: Fly out, F7 (Line Drive, 7)
|
Batting: RHB Brian Brown
|
0-0: Foul Ball, location: 2F 0-1: Ball 1-1: Ball 2-1: Swinging Strike 2-2: Ground out 6-3 (Groundball, 6)
|
Batting: RHB Pedro Pérez
|
0-0: Ball 1-0: Called Strike 1-1: Swinging Strike 1-2: Fly out, F8 (Flyball, 8LM)
|
Bottom of the 2nd over - 0 run(s), 0 hit(s), 0 error(s), 0 left on base; South Florida 0 - Arizona 0 |
TOP OF THE 3RD |
South Florida Bulls batting - Pitching for Arizona Wildcats : RHP Joel Murphy
|
Batting: RHB Cisco Velasco
|
0-0: Foul Ball, location: 2F 0-1: Ball 1-1: Fly out, F5 (Popup, 5D)
|
Batting: RHB Tyson Holder
|
0-0: Ball 1-0: Called Strike 1-1: Foul Ball, location: 2F 1-2: Hit by Pitch
|
Batting: LHB Roland Nelson
|
0-0: SINGLE (Line Drive, 56D) Tyson Holder to second
|
Batting: RHB Ronnie Rogers
|
0-0: Ball 1-0: Fly out, F7 (Flyball, 7)
|
Batting: RHB John Russell
|
0-0: Called Strike 0-1: Swinging Strike 0-2: Strikes out swinging
|
Top of the 3rd over - 0 run(s), 1 hit(s), 0 error(s), 2 left on base; South Florida 0 - Arizona 0 |
BOTTOM OF THE 3RD |
Arizona Wildcats batting - Pitching for South Florida Bulls : RHP Thomas Hoffman
|
Batting: RHB José Luján
|
0-0: Ground out 5-3 (Groundball, 5)
|
Batting: RHB Thomas Bravo
|
0-0: Ball 1-0: Called Strike 1-1: Ground out 5-3 (Groundball, 5)
|
Batting: RHB Dean Oglethorpe
|
0-0: Called Strike 0-1: Ball 1-1: Ball 2-1: Called Strike 2-2: Fly out, F4 (Popup, 4D)
|
Bottom of the 3rd over - 0 run(s), 0 hit(s), 0 error(s), 0 left on base; South Florida 0 - Arizona 0 |
TOP OF THE 4TH |
South Florida Bulls batting - Pitching for Arizona Wildcats : RHP Joel Murphy
|
Batting: LHB Bill McHone
|
0-0: SOLO HOME RUN (Flyball, 8RXD), Distance : 392 ft
|
Batting: RHB Víctor Pérez
|
0-0: Called Strike 0-1: SINGLE (Flyball, 89S)
|
Batting: LHB Don Glassman
|
0-0: Ball 1-0: Called Strike 1-1: Hit by Pitch Víctor Pérez to second
|
Batting: RHB Mike Smith
|
0-0: Called Strike 0-1: Called Strike 0-2: Foul Ball, location: 2F 0-2: Ball 1-2: Ball 2-2: Ground out 5-3 (Groundball, 56S) Víctor Pérez to third Don Glassman to second
|
Batting: RHB Cisco Velasco
|
0-0: Fly out, F8 (Flyball, 8RM) Runner from 3rd tags up, SCORES, no throw
|
Batting: RHB Tyson Holder
|
0-0: Called Strike 0-1: Swinging Strike 0-2: Foul Ball, location: 2F 0-2: Ball 1-2: Foul Ball, location: 2F 1-2: DOUBLE (Line Drive, 9LM) Don Glassman scores
|
Batting: LHB Roland Nelson
|
0-0: Ball 1-0: Called Strike 1-1: Ball Wild Pitch! Tyson Holder to third 2-1: Ball 3-1: Base on Balls
|
Batting: RHB Ronnie Rogers
|
0-0: Ball Roland Nelson steals 2nd base 1-0: Fly out, F9 (Flyball, 89M)
|
Top of the 4th over - 3 run(s), 3 hit(s), 0 error(s), 2 left on base; South Florida 3 - Arizona 0 |
BOTTOM OF THE 4TH |
Arizona Wildcats batting - Pitching for South Florida Bulls : RHP Thomas Hoffman
|
Batting: RHB Donald Fenner
|
0-0: Swinging Strike 0-1: Fly out, F8 (Flyball, 8RM)
|
Batting: RHB Edison Jones
|
0-0: Foul Ball, location: 2F 0-1: Called Strike 0-2: SINGLE (Groundball, 56S) (infield hit)
|
Batting: RHB Jon Hartley
|
0-0: Called Strike 0-1: Ball 1-1: SINGLE (Groundball, 34) (infield hit) Edison Jones to second
|
Batting: RHB Sergio Genera
|
0-0: Fly out, F9 (Flyball, 89M)
|
Batting: RHB Brian Brown
|
0-0: Fly out, F5 (Popup, 5L)
|
Bottom of the 4th over - 0 run(s), 2 hit(s), 0 error(s), 2 left on base; South Florida 3 - Arizona 0 |
TOP OF THE 5TH |
South Florida Bulls batting - Pitching for Arizona Wildcats : RHP Joel Murphy
|
Batting: RHB John Russell
|
0-0: Ball 1-0: Called Strike 1-1: SINGLE (Groundball, 34D)
|
Batting: LHB Bill McHone
|
0-0: Called Strike 0-1: Swinging Strike 0-2: Ball John Russell steals 2nd base 1-2: Ball 2-2: Foul Ball, location: 2F 2-2: Strikes out swinging
|
Batting: RHB Víctor Pérez
|
0-0: Foul Ball, location: 2F 0-1: Called Strike 0-2: Ball 1-2: Fly out, F8 (Flyball, 8RS)
|
Batting: LHB Don Glassman
|
0-0: Ball 1-0: Ball 2-0: Foul Ball, location: 2F 2-1: Fly out, F8 (Flyball, 8LD)
|
Top of the 5th over - 0 run(s), 1 hit(s), 0 error(s), 1 left on base; South Florida 3 - Arizona 0 |
BOTTOM OF THE 5TH |
Arizona Wildcats batting - Pitching for South Florida Bulls : RHP Thomas Hoffman
|
Batting: RHB Pedro Pérez
|
0-0: Foul Ball, location: 2F 0-1: Ball 1-1: SINGLE (Flyball, 8RS)
|
Batting: RHB José Luján
|
0-0: Fly out, F7 (Flyball, 78S)
|
Batting: RHB Thomas Bravo
|
0-0: Ball 1-0: Called Strike 1-1: Ground out 5-3 (Groundball, 5S) Pedro Pérez to second
|
Batting: RHB Dean Oglethorpe
|
0-0: Ball 1-0: Ball 2-0: Fly out, F8 (Line Drive, 8LD)
|
Bottom of the 5th over - 0 run(s), 1 hit(s), 0 error(s), 1 left on base; South Florida 3 - Arizona 0 |
TOP OF THE 6TH |
South Florida Bulls batting - Pitching for Arizona Wildcats : RHP Joel Murphy
|
Batting: RHB Mike Smith
|
0-0: Reached via error on a dropped throw, E3
|
Batting: RHB Cisco Velasco
|
0-0: Called Strike 0-1: Ball 1-1: Ball 2-1: Swinging Strike 2-2: Ball 3-2: Foul Ball, location: 2F 3-2: Foul Ball, location: 2F 3-2: SINGLE (Groundball, 56D) Mike Smith to second Mike Smith to third
|
Pitching: RHP Travis Martin
|
|
Batting: RHB Tyson Holder
|
0-0: SINGLE (Line Drive, 89S) Mike Smith scores Cisco Velasco to second
|
Batting: LHB Roland Nelson
|
0-0: Foul Ball, location: 2F 0-1: Ball 1-1: DOUBLE (Line Drive, 9LD) Cisco Velasco scores Tyson Holder to third
|
Batting: RHB Ronnie Rogers
|
0-0: Ball 1-0: Called Strike 1-1: Called Strike 1-2: Foul Ball, location: 2F 1-2: Foul Ball, location: 2F 1-2: Strikes out swinging
|
Batting: RHB John Russell
|
0-0: Ball 1-0: Ball 2-0: Foul Ball, location: 2F 2-1: Fly out, F8 (Flyball, 8RS) Runner from 3rd tags up, SCORES, no throw
|
Batting: LHB Bill McHone
|
0-0: Ball 1-0: Ball 2-0: Called Strike 2-1: Foul Ball, location: 2F 2-2: Strikes out swinging
|
Top of the 6th over - 3 run(s), 3 hit(s), 1 error(s), 1 left on base; South Florida 6 - Arizona 0 |
BOTTOM OF THE 6TH |
Arizona Wildcats batting - Pitching for South Florida Bulls : RHP Thomas Hoffman
|
Batting: RHB Donald Fenner
|
0-0: Ball 1-0: Called Strike 1-1: Swinging Strike 1-2: Ball 2-2: Foul Ball, location: 2F 2-2: Ball 3-2: SINGLE (Line Drive, 8LS)
|
Batting: RHB Edison Jones
|
0-0: Grounds into double play, 1-4-3 (Groundball, 15S)
|
Batting: RHB Jon Hartley
|
0-0: Ball 1-0: Foul Ball, location: 2F 1-1: Fly out, F8 (Flyball, 8RM)
|
Bottom of the 6th over - 0 run(s), 1 hit(s), 0 error(s), 0 left on base; South Florida 6 - Arizona 0 |
TOP OF THE 7TH |
South Florida Bulls batting - Pitching for Arizona Wildcats : RHP Travis Martin
|
Batting: RHB Víctor Pérez
|
0-0: Ball 1-0: Ball 2-0: Ball 3-0: Called Strike 3-1: Base on Balls
|
Batting: LHB Don Glassman
|
0-0: Foul Ball, location: 2F 0-1: Ball 1-1: Foul Ball, location: 2F 1-2: Foul Ball, location: 2F 1-2: Foul Ball, location: 2F 1-2: Foul Ball, location: 2F 1-2: Fielders Choice at 2nd, 6-4 (Groundball, 6D)
|
Batting: RHB Mike Smith
|
0-0: Called Strike 0-1: Called Strike 0-2: Strikes out swinging
|
Batting: RHB Cisco Velasco
|
0-0: Ball 1-0: 2-RUN HOME RUN (Flyball, 7D), Distance : 359 ft
|
Batting: RHB Tyson Holder
|
0-0: Called Strike 0-1: Swinging Strike 0-2: Ball 1-2: Ball 2-2: Ground out 6-3 (Groundball, 6)
|
Top of the 7th over - 2 run(s), 1 hit(s), 0 error(s), 0 left on base; South Florida 8 - Arizona 0 |
BOTTOM OF THE 7TH |
Arizona Wildcats batting - Pitching for South Florida Bulls : RHP Thomas Hoffman
|
Batting: RHB Sergio Genera
|
0-0: Called Strike 0-1: Ball 1-1: Called Strike 1-2: Foul Ball, location: 2F 1-2: Strikes out swinging
|
Batting: RHB Brian Brown
|
0-0: Ball 1-0: Ball 2-0: Swinging Strike 2-1: Foul Ball, location: 2F 2-2: Ground out 6-3 (Groundball, 6)
|
Batting: RHB Pedro Pérez
|
0-0: Ball 1-0: SINGLE (Groundball, 56D)
|
Pitching: RHP Jeff McIntosh
|
|
Batting: RHB José Luján
|
0-0: Called Strike 0-1: Swinging Strike 0-2: Ball Wild Pitch! Pedro Pérez to second 1-2: Ball 2-2: Strikes out looking
|
Bottom of the 7th over - 0 run(s), 1 hit(s), 0 error(s), 1 left on base; South Florida 8 - Arizona 0 |
TOP OF THE 8TH |
South Florida Bulls batting - Pitching for Arizona Wildcats : RHP Travis Martin
|
Batting: LHB Roland Nelson
|
0-0: Ball 1-0: Foul Ball, location: 2F 1-1: Ball 2-1: Ball 3-1: Base on Balls
|
Batting: RHB Ronnie Rogers
|
0-0: Ball 1-0: Ball 2-0: Foul Ball, location: 2F 2-1: Ball 3-1: Called Strike 3-2: Strikes out swinging
|
Pitching: LHP John Keller
|
|
Batting: RHB John Russell
|
0-0: Ball 1-0: Ball 2-0: Called Strike 2-1: Grounds into double play, 6-4-3 (Groundball, 6)
|
Top of the 8th over - 0 run(s), 0 hit(s), 0 error(s), 0 left on base; South Florida 8 - Arizona 0 |
BOTTOM OF THE 8TH |
Arizona Wildcats batting - Pitching for South Florida Bulls : RHP Jeff McIntosh
|
Batting: RHB Thomas Bravo
|
0-0: Swinging Strike 0-1: Ball 1-1: Swinging Strike 1-2: Foul Ball, location: 2F 1-2: SINGLE (Line Drive, 4D)
|
Batting: RHB Dean Oglethorpe
|
0-0: Called Strike 0-1: Ball 1-1: Foul Ball, location: 2F 1-2: Ball 2-2: Ball 3-2: Foul Ball, location: 2F 3-2: DOUBLE (Line Drive, 7LM) Thomas Bravo to third
|
Batting: RHB Donald Fenner
|
0-0: Ball 1-0: Called Strike 1-1: Called Strike 1-2: Ball 2-2: Foul Ball, location: 2F 2-2: Ball 3-2: SINGLE (Groundball, 56S) (infield hit) Thomas Bravo scores Dean Oglethorpe to third
|
Batting: RHB Edison Jones
|
0-0: Ball 1-0: Swinging Strike 1-1: Ball 2-1: Called Strike 2-2: Foul Ball, location: 2F 2-2: Ground out 6-3 (Groundball, 56D) Dean Oglethorpe scores Donald Fenner to second
|
Batting: RHB Jon Hartley
|
0-0: Called Strike 0-1: Foul Ball, location: 2F 0-2: DOUBLE (Flyball, 89D) Donald Fenner scores
|
Pitching: LHP Denis Hoelscher
|
|
Batting: RHB Sergio Genera
|
0-0: Ball 1-0: Ground out 6-3 (Groundball, 6) Jon Hartley to third
|
Batting: RHB Brian Brown
|
0-0: Ball 1-0: Ball 2-0: Foul Ball, location: 2F 2-1: Called Strike 2-2: Strikes out swinging
|
Bottom of the 8th over - 3 run(s), 4 hit(s), 0 error(s), 1 left on base; South Florida 8 - Arizona 3 |
TOP OF THE 9TH |
South Florida Bulls batting - Pitching for Arizona Wildcats : LHP John Keller
|
Batting: LHB Bill McHone
|
0-0: Ball 1-0: SOLO HOME RUN (Flyball, 89XD), Distance : 367 ft
|
Batting: RHB Víctor Pérez
|
0-0: Ball 1-0: Ball 2-0: Fly out, F4 (Line Drive, 4)
|
Batting: LHB Don Glassman
|
0-0: Swinging Strike 0-1: Called Strike 0-2: Strikes out swinging
|
Batting: RHB Mike Smith
|
0-0: Ball 1-0: Ground out 6-3 (Groundball, 6)
|
Top of the 9th over - 1 run(s), 1 hit(s), 0 error(s), 0 left on base; South Florida 9 - Arizona 3 |
BOTTOM OF THE 9TH |
Arizona Wildcats batting - Pitching for South Florida Bulls : LHP Denis Hoelscher
|
Now at SS: Troy Holland
|
|
Batting: RHB Pedro Pérez
|
0-0: Ball 1-0: Ball 2-0: Ball 3-0: Base on Balls
|
Batting: RHB José Luján
|
0-0: Ball 1-0: Ball 2-0: Ball 3-0: Base on Balls Pedro Pérez to second
|
Batting: RHB Thomas Bravo
|
0-0: Called Strike 0-1: Foul Ball, location: 2F 0-2: SINGLE (Line Drive, 6D) Pedro Pérez to third José Luján to second
|
Batting: RHB Dean Oglethorpe
|
0-0: Foul Ball, location: 2F 0-1: Ball 1-1: Foul Ball, location: 2F 1-2: Foul Ball, location: 2F 1-2: Ball 2-2: Strikes out swinging
|
Batting: RHB Donald Fenner
|
0-0: Ball 1-0: Called Strike 1-1: Ball 2-1: Foul Ball, location: 2F 2-2: Ball 3-2: Fly out, F8 (Flyball, 89M) Runner from 3rd tags up, SCORES, throw made
|
Pitching: RHP Steve Logan
|
|
Batting: RHB Edison Jones
|
0-0: Ball 1-0: Called Strike 1-1: Ball 2-1: Fielders Choice at 2nd, 5-4 (Groundball, 56)
|
Bottom of the 9th over - 1 run(s), 1 hit(s), 0 error(s), 1 left on base; South Florida 9 - Arizona 4 |
|